 Dungeon Crawl Stone Soup version 0.31-a0-1172-g9944ec47dd (webtiles) character file.

Game seed: 6738142575337997574

118 Okkudo the Chopper (level 5, -9/46 HPs)
             Began as a Hill Orc Monk on Dec 11, 2023.
             Splashed by a jelly's acid (12 damage)
             ... on level 4 of the Dungeon.
             The game lasted 00:05:04 (1976 turns).

Okkudo the Chopper (Hill Orc Monk)                  Turns: 1976, Time: 00:05:05

Health: -9/46      AC: -5    Str: 16    XL:     5   Next: 2%
Magic:  5/5        EV:  9    Int: 10    God:
Gold:   66         SH:  9    Dex: 13    Spells: 4/4 levels left

rFire   . . .        a - +0 hand axe
rCold   . . .        s - +0 buckler
rNeg    . . .        h - +0 scale mail
rPois   .            o - +0 hat
rElec   .            q - +0 cloak
rCorr   .            (no gloves)
SInv    .            (no boots)
Will    .....        i - amulet of reflection Stlth
                     (no ring)
HPRegen 0.27/turn    (no ring)
MPRegen 0.09/turn

%: reflection
@: lethally poisoned (-9 -> -11), corroded
A: no striking features
a: no special abilities


You were on level 4 of the Dungeon.
You visited 1 branch of the dungeon, and saw 4 of its levels.

You collected 66 gold pieces.

Inventory:

Hand Weapons
 a - a +0 hand axe (weapon)
 l - a +1 antimagic spear
Missiles
 g - 9 poisoned darts
 r - 5 curare-tipped darts (quivered)
Armour
 h - a +0 scale mail (worn)
 o - a +0 hat (worn)
 q - a +0 cloak (worn)
 s - a +0 buckler (worn)
Jewellery
 i - an amulet of reflection (around neck)
Scrolls
 e - a scroll of noise {unknown}
 f - a scroll of enchant armour {unknown}
 j - a scroll of identify {unknown}
 k - 2 scrolls of vulnerability {unknown}
 m - a scroll of immolation {unknown}
 n - 2 scrolls of teleportation {unknown}
Potions
 b - a potion of brilliance {unknown}
 c - 3 potions of ambrosia
 d - a potion of degeneration {unknown}
 p - 2 potions of resistance {unknown}


   Skills:
 - Level 4.3 Fighting
 * Level 6.3 Axes
 - Level 2.9 Dodging
 + Level 0.0 Shields


You had 4 spell levels left.
You didn't know any spells.
Your spell library was empty.

Dungeon Overview and Level Annotations

Branches:
Dungeon (4/15)
 Temple: D:4-7

Altars:
Cheibriados
Gozag


Message History

The dart slug barely misses you.
You hit the dart slug.
The dart slug is heavily wounded.
The dart slug barely misses you.
You hit the dart slug.
You kill the dart slug!
Found a potion of ambrosia.
You see here a dart slug corpse.
d - a viscous yellow potion
c - 3 potions of ambrosia (gained 1)
Okay, then.
A jelly comes into view.
An adder comes into view.
The adder hisses angrily.
A sleepcap comes into view.
You block the jelly's attack.
The sleepcap moves out of view.
You hit the jelly.
Your hands burn!
The jelly is lightly wounded.
The jelly barely misses you.
You hit the jelly.
Your hands burn!
The jelly is heavily wounded.
The jelly hits you. The acid corrodes you!
You are splashed with acid!
You hit the jelly but do no damage. The acid corrodes you!
Your hands burn!
The jelly is heavily wounded.
The jelly barely misses you. The adder completely misses you.
You hit the jelly.
Your hands burn!
The jelly is heavily wounded.
You closely miss the adder. The adder bites you.
You are poisoned.
The adder poisons you! The jelly hits you.
You are splashed with acid!
* * * LOW HITPOINT WARNING * * *
You hit the jelly.
Your hands burn!
* * * LOW HITPOINT WARNING * * *
The jelly is severely wounded.
You hit the adder but do no damage.
You feel sick. The adder bites you.
* * * LOW HITPOINT WARNING * * *
The jelly hits you.
* * * LOW HITPOINT WARNING * * *
The acid corrodes you!
You are splashed with acid!
You die...

.. . ...##. .####
...... ....####
.....##......
.####..........
.............#
.........J...##
.........S@f..#
............#.....
.............# ...
.....##......#. .
#.. #..........
##...##..........
.....#.....##....#
........#..# #.#..
..##....#..###.#..


You could see a sleepcap, a jelly and an adder.

Vanquished Creatures
  A jelly (D:2)
  3 adders
  A worm (D:2)
  2 dart slugs
  An orc (D:3)
  9 ball pythons
  4 endoplasms
  2 giant cockroaches
  7 goblins
  7 hobgoblins
  3 kobolds
  A quokka (D:2)
  3 bats
  2 frilled lizards
  10 rats
56 creatures vanquished.

Notes
Turn   | Place    | Note
-------+----------+-------------------------------------------
     0 | D:1      | Okkudo the Hill Orc Monk began the quest for the Orb.
     0 | D:1      | Reached XP level 1. HP: 19/19 MP: 1/1
   134 | D:1      | Reached XP level 2. HP: 27/27 MP: 2/2
   633 | D:2      | Reached XP level 3. HP: 33/33 MP: 3/3
   971 | D:2      | Reached skill level 5 in Axes
  1090 | D:2      | Reached XP level 4. HP: 11/40 MP: 4/4
  1415 | D:3      | Found a snail-covered altar of Cheibriados.
  1415 | D:3      | Found an opulent altar of Gozag.
  1445 | D:3      | Reached skill level 6 in Axes
  1677 | D:3      | Reached XP level 5. HP: 46/46 MP: 5/5
  1976 | D:4      | Splashed by a jelly's acid

Illustrated notes

Levels and vault maps discovered:
D:1:      kennysheep_arrival_forest, layout_loops_cross,
          grunt_decor_mini_mirrors, minmay_strange_pillars
D:2:      layout_basic
D:3:      layout_loops_ring, nicolae_overflow_two_pavilions
D:4:      layout_cave_pools, kennysheep_little_box, grunt_ashenzari_visionary
          [grunt_ashenzari_visionary_swamp, grunt_ashenzari_visionary_spider],
          kennysheep_generic_room_6

Skill      XL: |  1  2  3  4 |
---------------+-------------+-----
Fighting       | 4 |  4.3
Axes           | 5 6 |  6.3
Dodging        | |  2.9

Action                     |  1- 3 |  4- 6 || total
---------------------------+-------+-------++-------
  Melee: Hand axe          |    91 |    76 ||   167
 Armour: Robe              |     4 |       ||     4
         Scale mail        |    48 |    44 ||    92
  Dodge: Dodged            |    52 |    28 ||    80
  Block: Buckler           |       |     8 ||     8

Table legend: (Time is in decaauts)
 A = Elapsed time spent in this place.
 B = Non-inter-level travel time spent in this place.
 C = Inter-level travel time spent in this place.
 D = Time resting spent in this place.
 E = Time spent auto-exploring this place.
 F = Levels seen in this place.
 G = Mean time per level.
                   A        B        C        D        E       F      G
               +--------+--------+--------+--------+--------+-----+--------+
         Total |   1983 |   1929 |     54 |    159 |    905 |   4 |  495.8 |
       Dungeon |   1983 |   1929 |     54 |    159 |    905 |   4 |  495.8 |
               +--------+--------+--------+--------+--------+-----+--------+

Top non-repeatable levels by time:
     D:3: 697 daAuts
     D:2: 637 daAuts
     D:1: 624 daAuts
     D:4: 23 daAuts
